Map: Мосты РВ

Players

Murena - Winner!

  • Race: Terran Terran
  • Spawn Location: 3:00

ИИ 1 (эксперт)

  • Race: Protoss Protoss
  • Spawn Location: 9:00

VOD

Have the link to the VOD?

Description

Time

  • Played on: March 28, 2019, 7:08 a.m.
  • Length: 7:33
Show
View Real Time Build Order
Export as new Build Order

Murena Terran - Winner!

Build Orders:  

Get SALT Encoding   

  12  0:00  SCV  
  13  0:13  SCV  
  14  0:18  Supply Depot  
  14  0:25  SCV  
  15  0:40  SCV  
  15  0:41  Barracks  
  16  0:53  Barracks  
  16  0:55  SCV  
  17  1:07  SCV  
  18  1:12  Refinery  
  18  1:20  SCV  
  18  1:22  Supply Depot  
  19  1:28  Marine  
  20  1:32  Orbital Command  
  20  1:40  Marine  
  21  1:47  Barracks  
  21  1:49  Marine  
  22  1:58  SCV  
  23  2:05  Barracks Tech Lab  
  23  2:07  Marine  
  24  2:10  SCV  
  25  2:19  Supply Depot  
  25  2:23  SCV  
  25  2:24  Marauder  
  25  2:25  Barracks Reactor  
  28  2:35  Barracks Reactor  
  28  2:37  SCV  
  29  2:43  Refinery  
  29  2:46  Marauder  
  29  2:50  SCV  
  32  2:55  Supply Depot  
  32  3:01  Marine  
  32  3:02  Marine  
  32  3:03  SCV  
  35  3:08  Marauder  
  35  3:11  Marine  
  35  3:12  Marine  
  39  3:16  Supply Depot  
  39  3:17  SCV  
  39  3:19  Marine  
  40  3:20  Marine  
  40  3:25  Factory  
  42  3:29  Marauder  
  42  3:32  Marine  
  42  3:33  Marine  
  46  3:38  Marine  
  46  3:39  Marine  
  48  3:43  Supply Depot  
  48  3:51  Marine x2  
  48  3:54  Marauder  
  52  3:56  Marine  
  52  3:57  Marine  
  54  4:03  Combat Shield  
  54  4:10  Supply Depot  
  54  4:15  Marauder  
  54  4:16  Marine  
  57  4:18  Marine  
  57  4:21  Marine  
  59  4:24  Marine  
  59  4:28  Factory Tech Lab  
  60  4:34  Marine  
  60  4:36  Marine  
  62  4:40  Marauder  
  62  4:42  Marine  
  66  4:52  Reaper  
  66  4:55  Reaper  
  67  5:01  Starport  
  67  5:03  Marauder  
  69  5:12  Marine x2  
  71  5:20  Supply Depot  
  71  5:21  Concussive Shells  
Show
View Real Time Build Order
Export as new Build Order

ИИ 1 (эксперт) Protoss 

Build Orders: Colossus Rush 

Get SALT Encoding   

  12  0:00  Probe  
  13  0:13  Probe  
  14  0:20  Pylon  
  14  0:25  Probe  
  15  0:34  Probe  
  15  0:39  Gateway  
  15  0:42  Probe  
  16  0:48  Assimilator  
  17  0:52  Probe  
  18  1:00  Pylon, Probe  
  18  1:08  Probe  
  20  1:18  Probe  
  21  1:28  Zealot  
  21  1:30  Cybernetics Core  
  23  1:37  Gateway  
  23  1:38  Probe  
  24  1:49  Pylon  
  24  1:50  Probe  
  25  1:55  Zealot  
  25  2:00  Probe  
  27  2:08  Probe  
  28  2:10  Warp Gate  
  28  2:12  Assimilator  
  29  2:17  Probe  
  29  2:22  Adept  
  32  2:25  Adept  
  32  2:29  Probe  
  35  2:36  Pylon  
  35  2:41  Probe  
  36  2:52  Adept  
  36  2:53  Probe  
  36  2:56  Sentry  
  41  3:03  Probe  
  42  3:13  Probe  
  42  3:18  Nexus  
  43  3:24  Stalker  
  43  3:26  Probe  
  46  3:37  Robotics Facility  
  46  3:38  Probe  
  47  3:45  Pylon  
  47  4:03  Probe, Adept  
  50  4:15  Probe, Adept  
  53  4:24  Probe  
  53  4:30  Probe, Adept  
  57  4:32  Probe  
  57  4:35  Robotics Bay  
  58  4:41  Observer  
  58  4:42  Probe x2  
  61  4:48  Robotics Facility  
  61  4:54  Probe x2  
  61  4:57  Pylon  
  61  4:58  Stalker  
  65  5:02  Stalker  
  65  5:06  Probe  
  68  5:08  Probe  
  68  5:09  Pylon  
  68  5:13  Colossus  
  69  5:18  Probe  
  76  5:35  Zealot  
  76  5:40  Pylon  
  78  5:44  Stalker, Probe  
  78  5:48  Pylon, Probe  
  82  5:50  Twilight Council  
  82  5:51  Assimilator  
  82  5:54  Gateway  
  82  5:58  Assimilator  
  82  6:12  Zealot x2  
  82  6:15  Probe x2  
  78  6:19  Pylon  
  78  6:21  Nexus  
  66  6:27  Probe  
  66  6:29  Templar Archives, Zealot  
  65  6:33  Zealot  
  21  7:07  High Templar  
  23  7:12  Probe  
Tags
 
Matchup
ПvТ
Spawn Locations
Cross Positions
Add a new tag
Caveats
  • Supply blocks, unpowered buildings, or Contaminate may cause inaccurate times.
  • Supply counts are checked every 10 seconds.